General information
- name: BNet
- type: Ladder team game (AT/RT)
- host: Battle.net
- saver: FionaAppleRules
map: Battleground
- players: 8
- length: 56:10
- speed: Fast
- version: 1.26 W3XP
- replay type: Public
» download(300 KB)
Players
team 1 (winner)

»
RockinRobin (
red | 25 APM | 1190 actions | 47:17)
7 Demon Hunter
1 Immolation
3 Evasion
2 Mana Burn
1 Metamorphosis
» actions
| Basic commands | 9 | |
| Build / train | 65 | |
| Enter build submenu | 22 | |
| Enter hero's abilities submenu | 7 | |
| Give item / drop item | 2 | |
| Right click | 585 | |
| Select / deselect | 442 | |
| Use ability | 58 | |
1190 total
» units
| Wisp | 15 | |
| Huntress | 8 | |
| Archer | 10 | |
| Hippogryph | 11 | |
44 total
» upgrades
| Strength of the Moon | 3 | |
| Moon Armor | 2 | |
| Upgrade Moon Glaive | 1 | |
| Marksmanship | 1 | |
| Improved Bows | 1 | |
| Hippogryph Taming | 1 | |
9 total
» buildings
| Altar of Elders | 1 | |
| Moon Well | 8 | |
| Hunter's Hall | 1 | |
| Ancient of War | 2 | |
| Tree of Ages | 1 | |
| Tree of Eternity | 1 | |
| Ancient of Wind | 2 | |
| Ancient Protector | 5 | |
21 total
» build order
00:06 Altar of Elders
00:13 Moon Well
01:25 Hunter's Hall
01:58 Ancient of War
02:03 Ancient of War
02:14 Moon Well
02:33 Moon Well
04:51 Tree of Ages
06:12 Moon Well
06:26 Moon Well
08:37 Tree of Eternity
10:19 Moon Well
10:58 Ancient of Wind
11:00 Ancient of Wind
15:19 Moon Well
17:54 Ancient Protector
20:18 Ancient Protector
21:44 Ancient Protector
21:49 Ancient Protector
21:56 Ancient Protector
34:32 Moon Well
» items
| Staff of Teleportation | 1 | |
| Orb of Fire | 1 | |
2 total
kissmyass112200 (
orange | 24 APM | 664 actions | 27:38)
1 Blood Mage
1 Flame Strike
1 Archmage
1 Blizzard
» actions
| Basic commands | 15 | |
| Build / train | 74 | |
| Enter build submenu | 20 | |
| Enter hero's abilities submenu | 2 | |
| Right click | 222 | |
| Select / deselect | 236 | |
| Use ability | 95 | |
664 total
» units
| Peasant | 34 | |
| Footman | 5 | |
| Siege Engine | 9 | |
| Knight | 4 | |
52 total
» upgrades
| Defend | 1 | |
| Lumber Harvesting | 2 | |
| Masonry | 2 | |
| Long Rifles | 1 | |
| Armor | 1 | |
| Gunpowder | 1 | |
| Barrage | 1 | |
| Animal War Training | 1 | |
10 total
» buildings
| Farm | 12 | |
| Altar of Kings | 1 | |
| Barracks | 1 | |
| Lumber Mill | 1 | |
| Keep | 1 | |
| Scout Tower | 15 | |
| Arcane Vault | 1 | |
| Castle | 1 | |
| Arcane Tower | 4 | |
| Blacksmith | 1 | |
| Workshop | 3 | |
| Cannon Tower | 2 | |
43 total
» build order
00:32 Farm
00:33 Farm
00:34 Farm
00:39 Farm
01:42 Altar of Kings
01:52 Barracks
02:31 Farm
02:31 Farm
02:34 Farm
02:35 Farm
03:09 Lumber Mill
03:46 Keep
05:40 Scout Tower
05:45 Scout Tower
05:47 Scout Tower
05:48 Scout Tower
05:51 Scout Tower
05:56 Scout Tower
07:14 Arcane Vault
07:24 Castle
07:34 Arcane Tower
08:01 Farm
08:03 Farm
08:04 Farm
08:06 Farm
09:49 Blacksmith
10:10 Arcane Tower
11:25 Workshop
11:27 Workshop
12:03 Scout Tower
12:11 Scout Tower
12:12 Scout Tower
12:15 Scout Tower
12:17 Scout Tower
12:18 Scout Tower
14:14 Workshop
17:30 Scout Tower
17:32 Scout Tower
17:36 Scout Tower
18:04 Cannon Tower
18:11 Cannon Tower
20:05 Arcane Tower
22:39 Arcane Tower
FionaAppleRules (
green | 75 APM | 4217 actions | 56:10)
9 Archmage
3 Summon Water Elemental
3 Brilliance Aura
1 Mass Teleport
2 Blizzard
» actions
| Assign group hotkey | 320 | |
| Basic commands | 291 | |
| Build / train | 135 | |
| Enter build submenu | 65 | |
| Enter hero's abilities submenu | 9 | |
| Give item / drop item | 7 | |
| Remove unit from queue | 1 | |
| Right click | 1397 | |
| Select / deselect | 789 | |
| Select group hotkey | 999 | |
| Use ability | 202 | |
4217 total
» units
| Peasant | 12 | |
| Footman | 4 | |
| Rifleman | 23 | |
| Dragonhawk Rider | 15 | |
| Priest | 8 | |
62 total
» upgrades
| Lumber Harvesting | 2 | |
| Gunpowder | 3 | |
| Priest Training | 2 | |
| Armor | 3 | |
| Masonry | 3 | |
| Long Rifles | 1 | |
| Magic Sentry | 1 | |
| Cloud | 1 | |
| Swords | 3 | |
| Animal War Training | 1 | |
20 total
» buildings
| Altar of Kings | 1 | |
| Barracks | 3 | |
| Farm | 12 | |
| Lumber Mill | 2 | |
| Blacksmith | 2 | |
| Arcane Vault | 1 | |
| Keep | 1 | |
| Town Hall | 4 | |
| Scout Tower | 39 | |
| Arcane Sanctum | 2 | |
| Gryphon Aviary | 2 | |
| Guard Tower | 13 | |
| Arcane Tower | 4 | |
| Castle | 1 | |
87 total
» build order
00:44 Altar of Kings
00:47 Barracks
01:06 Farm
01:07 Farm
01:55 Farm
02:33 Lumber Mill
02:41 Farm
02:59 Blacksmith
03:35 Arcane Vault
03:54 Farm
03:55 Farm
03:58 Farm
04:26 Keep
05:47 Farm
06:15 Lumber Mill
07:33 Town Hall
07:36 Scout Tower
07:36 Scout Tower
07:37 Scout Tower
07:38 Scout Tower
07:39 Scout Tower
07:39 Scout Tower
07:39 Scout Tower
07:40 Scout Tower
07:53 Barracks
07:56 Barracks
08:00 Arcane Sanctum
09:39 Gryphon Aviary
09:39 Gryphon Aviary
09:45 Guard Tower
09:56 Arcane Tower
10:01 Guard Tower
10:01 Guard Tower
10:02 Guard Tower
10:03 Guard Tower
10:14 Blacksmith
14:02 Scout Tower
14:04 Scout Tower
14:04 Scout Tower
14:35 Castle
15:03 Arcane Tower
15:05 Arcane Tower
15:10 Arcane Tower
18:29 Farm
18:29 Farm
18:29 Farm
18:44 Arcane Sanctum
22:05 Farm
26:40 Scout Tower
26:40 Scout Tower
26:41 Scout Tower
26:42 Scout Tower
26:43 Scout Tower
28:13 Town Hall
28:23 Scout Tower
28:24 Scout Tower
28:24 Scout Tower
28:36 Scout Tower
28:37 Scout Tower
32:35 Guard Tower
33:14 Town Hall
33:24 Scout Tower
33:26 Scout Tower
33:29 Scout Tower
33:33 Scout Tower
33:36 Scout Tower
33:38 Scout Tower
33:41 Scout Tower
33:45 Scout Tower
34:17 Guard Tower
34:20 Guard Tower
35:09 Guard Tower
35:58 Guard Tower
36:34 Town Hall
36:37 Scout Tower
36:37 Scout Tower
36:37 Scout Tower
36:38 Scout Tower
36:40 Scout Tower
36:43 Scout Tower
36:47 Scout Tower
36:47 Scout Tower
36:47 Scout Tower
36:48 Scout Tower
37:14 Guard Tower
37:58 Guard Tower
» items
| Scroll of Regeneration | 6 | |
| Scroll of Town Portal | 7 | |
| Potion of Healing | 4 | |
| Periapt of Vitality | 1 | |
| Mechanical Critter | 4 | |
| Staff of Teleportation | 1 | |
23 total

»
breen (
teal | 43 APM | 2408 actions | 56:04)
8 Blademaster
3 Wind Walk
3 Critical Strike
1 Bladestorm
1 Mirror Image
» actions
| Assign group hotkey | 25 | |
| Basic commands | 1 | |
| Build / train | 55 | |
| Enter build submenu | 10 | |
| Enter hero's abilities submenu | 8 | |
| Give item / drop item | 7 | |
| Right click | 1395 | |
| Select / deselect | 376 | |
| Select group hotkey | 369 | |
| Use ability | 162 | |
2408 total
» units
| Peon | 13 | |
| Raider | 5 | |
| Troll Batrider | 7 | |
25 total
» upgrades
| Pillage | 1 | |
| Melee Weapons | 2 | |
| Ensnare | 1 | |
4 total
» buildings
| Altar of Storms | 1 | |
| Orc Burrow | 5 | |
| Voodoo Lounge | 1 | |
| War Mill | 1 | |
| Stronghold | 2 | |
| Beastiary | 2 | |
| Fortress | 1 | |
| Watch Tower | 1 | |
14 total
» build order
00:12 Altar of Storms
00:17 Orc Burrow
00:30 Voodoo Lounge
01:45 War Mill
02:11 Stronghold
02:31 Orc Burrow
03:39 Orc Burrow
04:55 Beastiary
04:56 Beastiary
07:13 Fortress
07:15 Orc Burrow
09:25 Orc Burrow
09:30 Watch Tower
» items
| Healing Salve | 3 | |
| Lesser Clarity Potion | 2 | |
| Scroll of Town Portal | 3 | |
| Scroll of Speed | 1 | |
| Orb of Lightning | 1 | |
| Potion of Lesser Invulnerability | 1 | |
| Staff of Teleportation | 1 | |
| Circlet of Nobility | 1 | |
13 total
team 2 (loser)

»
ochoa (
pink | 41 APM | 1644 actions | 40:31)
6 Tauren Chieftain
2 War Stomp
3 Endurance Aura
1 Reincarnation
1 Lich
1 Frost Armor
1 Death Knight
1 Animate Dead
» actions
| Basic commands | 12 | |
| Build / train | 80 | |
| Enter build submenu | 21 | |
| Enter hero's abilities submenu | 8 | |
| Give item / drop item | 2 | |
| Remove unit from queue | 3 | |
| Right click | 825 | |
| Select / deselect | 619 | |
| Use ability | 74 | |
1644 total
» units
| Peon | 14 | |
| Wind Rider | 7 | |
| Shaman | 11 | |
| Raider | 8 | |
| Crypt Fiend | 2 | |
| Frost Wyrm | 1 | |
| Troll Witch Doctor | 1 | |
44 total
» upgrades
| Spiked Barricades | 1 | |
| Shaman Training | 2 | |
| Armor | 1 | |
| Ranged Weapons | 1 | |
| Reinforced Defenses | 1 | |
| Envenomed Spears | 1 | |
| Ensnare | 1 | |
8 total
» buildings
| War Mill | 1 | |
| Orc Burrow | 8 | |
| Stronghold | 1 | |
| Altar of Storms | 1 | |
| Beastiary | 2 | |
| Voodoo Lounge | 1 | |
| Spirit Lodge | 1 | |
| Fortress | 1 | |
| Watch Tower | 2 | |
| Great Hall | 1 | |
19 total
» build order
00:09 War Mill
00:56 Orc Burrow
01:50 Stronghold
02:05 Altar of Storms
03:02 Orc Burrow
04:07 Orc Burrow
04:19 Beastiary
05:00 Beastiary
05:35 Orc Burrow
05:48 Voodoo Lounge
06:01 Spirit Lodge
06:50 Fortress
07:57 Orc Burrow
10:27 Orc Burrow
10:36 Orc Burrow
10:41 Watch Tower
12:38 Orc Burrow
12:45 Watch Tower
26:01 Great Hall
» items
| Healing Salve | 3 | |
| Orb of Lightning | 1 | |
| Scroll of Town Portal | 5 | |
| Scroll of Speed | 1 | |
| Boots of Speed | 1 | |
| Periapt of Vitality | 1 | |
| Scroll of Regeneration | 1 | |
| Orb of Fire | 1 | |
14 total
StinkyGreenOrc (
yellow | 34 APM | 1377 actions | 40:13)
5 Blademaster
1 Wind Walk
3 Critical Strike
1 Mirror Image
4 Shadow Hunter
2 Healing Wave
1 Hex
1 Serpent Ward
» actions
| Assign group hotkey | 18 | |
| Basic commands | 8 | |
| Build / train | 80 | |
| Enter build submenu | 32 | |
| Enter hero's abilities submenu | 9 | |
| Give item / drop item | 5 | |
| Remove unit from queue | 2 | |
| Right click | 567 | |
| Select / deselect | 402 | |
| Select group hotkey | 123 | |
| Use ability | 130 | |
1377 total
» units
| Peon | 14 | |
| Grunt | 4 | |
| Forest Troll Shadow Priest | 2 | |
| Mud Golem | 2 | |
| Troll Witch Doctor | 4 | |
| Tauren | 7 | |
| Forest Troll Berserker | 1 | |
| Ogre Mauler | 1 | |
| Spirit Walker | 3 | |
| Crypt Fiend | 4 | |
42 total
» upgrades
| Pillage | 1 | |
| Armor | 2 | |
| Melee Weapons | 1 | |
| Spiked Barricades | 2 | |
| Witch Doctor Training | 1 | |
| Spirit Walker Training | 3 | |
| Reinforced Defenses | 1 | |
| Berserker Strength | 1 | |
| Pulverize | 1 | |
13 total
» buildings
| Altar of Storms | 1 | |
| Orc Burrow | 8 | |
| Barracks | 1 | |
| War Mill | 1 | |
| Voodoo Lounge | 1 | |
| Stronghold | 1 | |
| Watch Tower | 10 | |
| Spirit Lodge | 3 | |
| Fortress | 1 | |
| Tauren Totem | 1 | |
| Great Hall | 2 | |
30 total
» build order
00:15 Altar of Storms
00:23 Orc Burrow
01:04 Barracks
01:42 Orc Burrow
02:30 War Mill
02:35 Voodoo Lounge
03:03 Stronghold
04:08 Watch Tower
04:40 Orc Burrow
05:53 Spirit Lodge
08:09 Orc Burrow
08:16 Orc Burrow
08:19 Fortress
10:23 Spirit Lodge
10:43 Tauren Totem
10:49 Watch Tower
14:01 Orc Burrow
15:14 Spirit Lodge
23:04 Orc Burrow
23:45 Orc Burrow
23:48 Watch Tower
24:08 Watch Tower
24:22 Watch Tower
25:57 Great Hall
26:00 Watch Tower
27:17 Great Hall
30:13 Watch Tower
31:11 Watch Tower
31:36 Watch Tower
33:51 Watch Tower
» items
| Healing Salve | 1 | |
| Dust of Appearance | 1 | |
| Rod of Necromancy | 1 | |
| Orb of Corruption | 1 | |
| Scroll of Healing | 2 | |
| Potion of Mana | 2 | |
| Orb of Lightning | 1 | |
| Lesser Clarity Potion | 1 | |
10 total
MapAware (
blue | 69 APM | 3861 actions | 56:10)
7 Blood Mage
3 Flame Strike
3 Siphon Mana
1 Summon Phoenix
» actions
| Assign group hotkey | 25 | |
| Basic commands | 127 | |
| Build / train | 236 | |
| ESC pressed | 5 | |
| Enter build submenu | 113 | |
| Enter hero's abilities submenu | 7 | |
| Give item / drop item | 7 | |
| Right click | 1612 | |
| Select / deselect | 768 | |
| Select group hotkey | 656 | |
| Use ability | 305 | |
3861 total
» units
| Peasant | 28 | |
| Footman | 7 | |
| Sorceress | 1 | |
36 total
» upgrades
| Masonry | 3 | |
| Defend | 1 | |
| Lumber Harvesting | 2 | |
| Sorceress Training | 2 | |
| Magic Sentry | 1 | |
| Swords | 3 | |
| Armor | 3 | |
| Storm Hammers | 1 | |
| Plating | 3 | |
| Animal War Training | 1 | |
| Cloud | 1 | |
| Gunpowder | 3 | |
| Long Rifles | 1 | |
| Priest Training | 2 | |
| Flak Cannons | 1 | |
| Flying Machine Bombs | 1 | |
| Barrage | 1 | |
| Fragmentation Shards | 1 | |
| Control Magic | 1 | |
| Flare | 1 | |
| Backpack | 1 | |
| Melee Weapons | 1 | |
| Creature Attack | 1 | |
| Creature Carapace | 1 | |
37 total
» buildings
| Altar of Kings | 1 | |
| Barracks | 4 | |
| Farm | 18 | |
| Lumber Mill | 1 | |
| Arcane Vault | 1 | |
| Scout Tower | 44 | |
| Arcane Tower | 6 | |
| Guard Tower | 68 | |
| Keep | 2 | |
| Arcane Sanctum | 1 | |
| Castle | 2 | |
| Town Hall | 3 | |
| Blacksmith | 2 | |
| Workshop | 6 | |
| Gryphon Aviary | 6 | |
| Necropolis | 5 | |
170 total
» build order
00:19 Altar of Kings
00:22 Barracks
00:26 Farm
01:11 Farm
01:31 Lumber Mill
02:00 Farm
02:35 Arcane Vault
02:57 Farm
03:03 Scout Tower
03:08 Scout Tower
03:32 Arcane Tower
03:38 Guard Tower
03:38 Guard Tower
03:38 Guard Tower
04:31 Farm
05:36 Scout Tower
05:38 Scout Tower
05:44 Scout Tower
06:08 Arcane Tower
06:08 Guard Tower
06:09 Guard Tower
06:12 Guard Tower
06:12 Guard Tower
06:39 Keep
06:40 Keep
09:02 Arcane Sanctum
09:22 Scout Tower
09:30 Scout Tower
09:33 Castle
09:33 Castle
09:52 Guard Tower
09:53 Guard Tower
10:04 Guard Tower
10:04 Guard Tower
11:56 Town Hall
12:06 Scout Tower
12:08 Scout Tower
12:13 Scout Tower
12:15 Scout Tower
12:42 Guard Tower
12:42 Guard Tower
12:42 Guard Tower
12:43 Guard Tower
12:43 Guard Tower
12:46 Scout Tower
12:48 Scout Tower
12:50 Scout Tower
13:14 Scout Tower
13:17 Scout Tower
13:20 Guard Tower
13:20 Guard Tower
13:29 Guard Tower
13:29 Guard Tower
14:13 Guard Tower
14:19 Scout Tower
14:26 Blacksmith
15:01 Guard Tower
15:09 Blacksmith
15:15 Scout Tower
15:46 Guard Tower
17:59 Workshop
18:01 Gryphon Aviary
18:05 Gryphon Aviary
18:07 Gryphon Aviary
18:10 Gryphon Aviary
21:05 Barracks
21:10 Barracks
21:15 Barracks
24:55 Farm
24:59 Farm
26:49 Scout Tower
26:50 Scout Tower
26:54 Scout Tower
26:56 Scout Tower
26:57 Scout Tower
29:08 Workshop
29:09 Workshop
29:10 Workshop
29:16 Workshop
29:38 Scout Tower
29:39 Scout Tower
29:40 Scout Tower
29:41 Scout Tower
29:48 Scout Tower
29:58 Town Hall
30:01 Scout Tower
30:13 Scout Tower
30:15 Scout Tower
30:17 Scout Tower
30:25 Guard Tower
30:25 Guard Tower
30:27 Guard Tower
30:27 Guard Tower
30:27 Guard Tower
30:46 Guard Tower
31:24 Scout Tower
32:36 Workshop
32:50 Guard Tower
32:51 Guard Tower
39:51 Farm
39:59 Town Hall
40:26 Gryphon Aviary
40:29 Gryphon Aviary
40:37 Farm
40:40 Farm
40:43 Farm
40:48 Farm
40:52 Farm
42:38 Scout Tower
42:42 Scout Tower
42:48 Scout Tower
42:53 Scout Tower
43:07 Guard Tower
43:07 Guard Tower
43:10 Arcane Tower
43:11 Arcane Tower
43:11 Arcane Tower
43:23 Guard Tower
43:23 Guard Tower
43:35 Guard Tower
43:35 Guard Tower
43:50 Scout Tower
43:52 Scout Tower
43:55 Scout Tower
43:58 Scout Tower
44:18 Guard Tower
44:18 Guard Tower
44:19 Guard Tower
44:22 Guard Tower
44:26 Scout Tower
44:29 Guard Tower
44:56 Guard Tower
45:04 Scout Tower
45:13 Scout Tower
45:27 Farm
45:30 Farm
45:31 Guard Tower
45:31 Guard Tower
45:33 Farm
45:41 Guard Tower
45:49 Farm
45:51 Farm
49:24 Necropolis
49:28 Necropolis
49:31 Necropolis
49:43 Necropolis
50:50 Necropolis
» items
| Boots of Speed | 1 | |
| Staff of Teleportation | 2 | |
| Scroll of Regeneration | 20 | |
| Periapt of Vitality | 1 | |
| Potion of Invisibility | 4 | |
| Scroll of Town Portal | 11 | |
| Lesser Clarity Potion | 9 | |
| Potion of Healing | 9 | |
| Potion of Mana | 1 | |
58 total

»
BB6 (
purple | 38 APM | 780 actions | 20:42)
5 Death Knight
2 Death Coil
3 Unholy Aura
3 Lich
2 Frost Nova
1 Frost Armor
» actions
| Basic commands | 8 | |
| Build / train | 48 | |
| ESC pressed | 1 | |
| Enter build submenu | 21 | |
| Enter hero's abilities submenu | 8 | |
| Right click | 427 | |
| Select / deselect | 231 | |
| Use ability | 36 | |
780 total
» units
| Acolyte | 2 | |
| Ghoul | 4 | |
| Crypt Fiend | 10 | |
| Obsidian Statue | 3 | |
| Frost Wyrm | 3 | |
22 total
» upgrades
| Creature Attack | 2 | |
| Creature Carapace | 2 | |
| Web | 1 | |
| Freezing Breath | 1 | |
6 total
» buildings
| Crypt | 1 | |
| Graveyard | 1 | |
| Altar of Darkness | 1 | |
| Ziggurat | 8 | |
| Tomb of Relics | 1 | |
| Nerubian Tower | 2 | |
| Halls of the Dead | 1 | |
| Spirit Tower | 5 | |
| Sacrificial Pit | 1 | |
| Black Citadel | 1 | |
| Slaughterhouse | 1 | |
| Boneyard | 2 | |
25 total
» build order
00:24 Crypt
00:27 Graveyard
00:48 Altar of Darkness
01:05 Ziggurat
01:21 Ziggurat
01:43 Tomb of Relics
02:15 Nerubian Tower
04:12 Ziggurat
05:20 Halls of the Dead
05:24 Spirit Tower
06:03 Spirit Tower
08:30 Sacrificial Pit
09:37 Black Citadel
10:18 Ziggurat
10:23 Ziggurat
11:41 Slaughterhouse
12:06 Boneyard
12:51 Spirit Tower
12:58 Boneyard
14:48 Ziggurat
18:56 Ziggurat
19:00 Ziggurat
19:49 Nerubian Tower
19:53 Spirit Tower
19:54 Spirit Tower
» items
Chat log
(00:33 / Allies) RockinRobin: plan?
(00:45 / All) MapAware: Map awareness of the gods, didn't realise LordBird was on my team until replay was uploaded
(00:49 / Allies) breen: bats if necessary
(00:55 / Allies) RockinRobin: rush or cc
(01:13 / Allies) breen: im not sure
(03:32 / Allies) breen: he is teching
(03:34 / Allies) RockinRobin: techer
(04:46 / All) MapAware: lol
(04:47 / All) MapAware: trapped
(05:18 / All) MapAware: lol
(06:36 / Allies) RockinRobin: coming green
(07:42 / Allies) RockinRobin: net air
(07:49 / Allies) RockinRobin: net the air
(07:50 / Allies) RockinRobin: wtf
(08:04 / Allies) FionaAppleRules: wood
(09:06 / Allies) FionaAppleRules: stay red
(09:07 / Allies) FionaAppleRules: yu coward
(09:23 / Allies) FionaAppleRules: COWARD
(09:28 / Allies) FionaAppleRules: RUN NOW
(09:32 / Allies) FionaAppleRules: YOU COWARDLY COWARD
(09:34 / Allies) FionaAppleRules: YELLOW BELLY
(09:34 / Allies) RockinRobin: ok...
(09:48 / Allies) FionaAppleRules: KLUMBER FASt
(09:58 / Allies) FionaAppleRules: WOOD!!!!1
(10:23 / Allies) FionaAppleRules: BE PREAPRED TO TP!!!!!1
(11:16 / Allies) FionaAppleRules: need to get reveal obviously son
(11:40 / Allies) FionaAppleRules: hit yellow sons
(13:44 / Allies) FionaAppleRules: wood plez!!!1
(14:23 / Allies) RockinRobin: gold plzzzzz
(14:37 / Allies) RockinRobin: green hook it up
(14:57 / Allies) RockinRobin: green gold plz
(15:07 / Allies) FionaAppleRules: hang on bro jeezu
(15:29 / Allies) RockinRobin: u got TONZ
(15:42 / Allies) breen: guys
(15:48 / Allies) RockinRobin: gold me green
(15:55 / Allies) FionaAppleRules: TP AND I WILL
(15:59 / Allies) RockinRobin: i am
(16:52 / Allies) FionaAppleRules: orange you good
(17:09 / All) MapAware: lol
(18:03 / Allies) RockinRobin: oj where were u in all that
(18:14 / Allies) FionaAppleRules: he tanks and arcane towers bro
(18:33 / Allies) RockinRobin: or arcane towers and tanks...
(18:39 / Allies) FionaAppleRules: wood
(18:55 / Allies) RockinRobin: never got that gold
(18:56 / Allies) RockinRobin: sooo
(19:14 / All) MapAware: nice try
(19:26 / Allies) breen: run into ur base green
(20:42 / All) MapAware: out
(22:55 / Allies) FionaAppleRules: go wind walk in one of their bases so I can tp bro
(22:56 / Allies) FionaAppleRules: jesus
(22:58 / Allies) FionaAppleRules: use your mind
(23:02 / All) MapAware: mass arcane towers lol
(23:43 / Allies) FionaAppleRules: wiond walk there
(23:44 / Allies) breen: their mines running out
(24:19 / All) MapAware: did you really just call to arms 1 peon?
(24:40 / Allies) breen: defenhd
(24:42 / Allies) breen: u can win that
(24:48 / Allies) RockinRobin: me?
(24:54 / Allies) breen: \needs both
(25:27 / Allies) breen: green help red
(25:45 / Allies) breen: soon go back
(25:50 / Allies) FionaAppleRules: go I tp
(27:45 / All) MapAware: nice try, again
(28:24 / All) MapAware: That's my expo, go away faggot pink
(29:04 / Allies) FionaAppleRules: out
(29:09 / Allies) FionaAppleRules: didn't see red
(29:27 / Allies) breen: all good anyway
(29:30 / Allies) breen: kill some wyrms
(29:43 / Allies) RockinRobin: cant let them get a mine
(29:54 / Allies) RockinRobin: bm need to storm some shit
(30:01 / Allies) RockinRobin: check
(30:06 / Allies) RockinRobin: they are pry trying to get a mine
(30:08 / Allies) breen: tp 2 me
(30:53 / Allies) FionaAppleRules: go to bot left expo and I tp on you teal
(30:57 / Allies) RockinRobin: they will get that mine
(31:03 / Allies) breen: im there
(31:23 / Allies) RockinRobin: green someone
(31:25 / Allies) RockinRobin: check mines
(31:26 / Allies) RockinRobin: wtf
(31:28 / Allies) FionaAppleRules: I'm taking that
(31:32 / Allies) RockinRobin: they are about to get one
(31:36 / Allies) RockinRobin: see
(33:26 / Allies) breen: shit
(33:27 / Allies) breen: repair
(33:50 / Allies) breen: that might of been game
(33:57 / Allies) RockinRobin: its a dead base
(33:58 / Allies) RockinRobin: dont matter
(34:01 / Allies) breen: wells matter
(34:08 / Allies) RockinRobin: i cant build more
(34:21 / Allies) RockinRobin: if green gives me gold for them
(34:33 / Allies) breen: they have no army
(34:37 / Allies) breen: u shud kill expos
(34:42 / Allies) RockinRobin: blue is sharing gold
(34:47 / All) MapAware: Yellow is a backstabber!
(34:47 / Allies) RockinRobin: to keep their armies
(34:51 / All) MapAware: He is trying to kill me for mining gold
(34:53 / All) MapAware: He is anti-labour
(34:55 / Allies) breen: they still have no army
(34:56 / All) MapAware: He disapproves of we fine workers
(35:06 / Allies) breen: see
(35:12 / Allies) breen: easy win if thats true
(35:22 / All) MapAware: Thanks for nothing, pal!
(35:24 / Allies) RockinRobin: cloud
(35:24 / All) MapAware: You made us lose the game
(35:26 / Allies) RockinRobin: and bstorm
(35:28 / All) MapAware: Backstabber ! Team killer !
(35:34 / Allies) RockinRobin: cloud that green
(35:37 / Allies) RockinRobin: we can kill
(36:04 / All) MapAware: Pink, do you swear your allegiance to me?
(36:06 / Allies) RockinRobin: green tele
(36:08 / All) MapAware: Or are you a traitor like pink?
(36:09 / Allies) RockinRobin: and cloud tows
(36:12 / All) StinkyGreenOrc: fuk u
(36:35 / All) MapAware: I'm not 87-78 like you, buddy!
(36:44 / All) MapAware: I would have a good record if not for team killers like you!
(36:50 / Allies) FionaAppleRules: WOOD
(36:51 / Allies) FionaAppleRules: WOOD
(36:52 / Allies) FionaAppleRules: WOOD
(36:53 / Allies) FionaAppleRules: WOOD
(36:53 / Allies) FionaAppleRules: WOOD
(36:54 / Allies) FionaAppleRules: WOOD
(37:03 / All) MapAware: Units are for queers!
(37:04 / Allies) RockinRobin: do something then
(37:10 / Allies) RockinRobin: cloud tows
(37:12 / Allies) RockinRobin: and kill expo
(37:16 / All) MapAware: A good one
(37:16 / Allies) RockinRobin: cut off they gold
(37:27 / Allies) FionaAppleRules: c'mon guys you play your game I'll play mine
(37:38 / Allies) FionaAppleRules: I klnow what I'm doing
(37:43 / Allies) RockinRobin: nothing
(37:49 / All) MapAware: Well you sacrificed all of yours to team kill, so no excuses pal!
(37:49 / Allies) breen: relax red
(37:52 / All) MapAware: You lost us the game!
(37:52 / Allies) breen: i will stop blie
(37:54 / Allies) breen: blue
(38:00 / All) MapAware: Team killing isn't playing!
(38:24 / All) MapAware: I did more than you did all game with just 1 hero.
(38:28 / All) MapAware: How does that make you feel?
(39:10 / Allies) FionaAppleRules: you stuck red?
(39:17 / Allies) RockinRobin: no
(39:59 / All) StinkyGreenOrc: he has 12000 gold what a noob
(40:03 / All) StinkyGreenOrc: ggu4
(40:13 / All) MapAware: 13000
(40:16 / All) MapAware: actually
(41:07 / Allies) breen: i have 2 work so hard for wins
(41:13 / Allies) RockinRobin: lol right
(41:14 / Allies) breen: the other guy was jsut bad
(41:53 / Allies) RockinRobin: why?
(41:58 / Allies) breen: hm?
(42:12 / Allies) RockinRobin: really dude
(43:20 / Allies) breen: :S
(43:24 / Allies) breen: come on bro
(43:34 / Allies) breen: i actualloy tried
(44:17 / Allies) breen: sigh well
(44:21 / Allies) RockinRobin: isnt he cool
(44:34 / All) breen: blue come kill me
(44:40 / All) FionaAppleRules: too late
(44:40 / All) MapAware: I only have 14k bro
(44:42 / All) MapAware: I need more gold!
(45:07 / Allies) RockinRobin: are u and blue friends or wut
(45:44 / Allies) breen: thanks green
(45:48 / Allies) breen: ur killing the game
(45:59 / Allies) FionaAppleRules: thank you
(46:00 / Allies) breen: 5th backstab since season reset
(46:07 / Allies) breen: i really dont see why u do it tho
(46:08 / Allies) RockinRobin: whats the point in wasting all this time just ot do that?
(46:13 / Allies) breen: blue is ur friend?
(46:16 / Allies) FionaAppleRules: oh so that's why you are 2-4
(46:22 / Allies) FionaAppleRules: I was under the misconception that you are jsut bad
(46:30 / Allies) breen: *shrugs
(46:31 / Allies) RockinRobin: and ur pro
(46:34 / Allies) breen: u wana see the replays?
(46:46 / Allies) FionaAppleRules: not really
(46:46 / Allies) breen: i was 30 over last season
(46:56 / Allies) breen: not bad at all
(46:58 / Allies) FionaAppleRules: that's means you're below average
(46:58 / Allies) breen: decent
(47:08 / Allies) breen: thanks 2-5
(47:12 / Allies) RockinRobin: green likes harry cock in his mouth
(47:22 / All) FionaAppleRules: Harry cock lol
(47:34 / All) MapAware: I didn't make a single unit this entire game other than my initial footmen
(47:42 / All) FionaAppleRules: I've not even read Harry Potter how rude
(48:01 / All) breen: ur name implies map hack soo
(48:09 / All) MapAware: No, it implies I have bad map awareness
(48:24 / All) MapAware: Last game I played I didn't realise that someone on my team was actually on my team all game
(48:27 / All) MapAware: until I uploaded the replay
(48:30 / All) MapAware: Hence the name
(48:31 / All) MapAware: my son
(48:40 / All) breen: *shrugs
(48:48 / All) breen: ima go read mah flashcards
(48:55 / All) MapAware: I can give you this win if you name every prime minister of Canada
(49:07 / All) breen: im jamaican
(49:12 / All) breen: not gonna happen
(49:16 / All) MapAware: Name every president/prime minister in Jamaica
(49:18 / All) FionaAppleRules: you lose nigga
(49:19 / All) MapAware: and you get the win
(49:20 / All) MapAware: SOund fair?
(49:24 / All) breen: not black
(49:34 / All) breen: im actually curious
(49:39 / All) breen: 2 see how much i killed
(49:42 / All) breen: with my bm
(49:50 / All) MapAware: You never got my blood mage
(49:51 / All) breen: shud be quite a lot
(49:53 / All) MapAware: despite trying so hard to
(50:00 / All) breen: how was i trying hard?
(50:06 / All) breen: i was trying 2 stop baserape
(50:10 / All) MapAware: I said you were trying hard to get my BM
(50:13 / All) MapAware: You took every opportunity
(50:16 / All) MapAware: not that you were tryhard
(50:21 / All) MapAware: Although staying with 1 hero all game is pretty tryhard
(50:22 / All) MapAware: tbqh
(50:23 / All) breen: if u say so
(50:28 / All) breen: lol
(50:34 / All) breen: cause it was a bm
(50:37 / All) breen: so was still fun
(50:45 / All) breen: and green
(50:48 / All) breen: i have all replays
(50:52 / All) breen: of losses this season
(50:58 / All) breen: since u dont believe me
(51:00 / All) FionaAppleRules: whatevs
(51:02 / All) breen: i can upload them
(51:04 / All) breen: and show u
(51:04 / All) MapAware: Upload every one of them to highper.ch
(51:05 / All) FionaAppleRules: he had 5 bsers
(51:06 / All) MapAware: Okay?
(51:07 / All) MapAware: Do it
(51:08 / All) FionaAppleRules: that's why he is 2-4
(51:12 / All) MapAware: We need proof
(51:15 / All) MapAware: upload every one to highper.ch
(51:17 / All) FionaAppleRules: a series of unfortunate events
(51:26 / All) breen: *shrugs next game
(51:33 / All) MapAware: Upload every loss to http://highper.ch
(51:35 / All) MapAware: so we have proof
(51:36 / All) MapAware: ok?
(51:46 / All) MapAware: Then we will also give you a free win whenever you want one if we match you
(51:58 / All) breen: lol
(52:03 / All) MapAware: Sound fair?
(52:09 / All) breen: will start uploading
(52:10 / All) FionaAppleRules: blood mage makes one side way too weak
(52:12 / All) MapAware: Alright
(52:14 / All) MapAware: Good man
(52:30 / All) breen: but i'll just backstab or leave if i see u fucks on my team
(52:38 / All) MapAware: Alright
(52:39 / All) breen: u really are chasing away players
(52:41 / All) FionaAppleRules: Good plan
(52:58 / All) MapAware: Upload every replay and I'll let you
(53:04 / All) breen: let me what?
(53:10 / All) MapAware: get every win for free
(53:12 / All) MapAware: when I play you
(53:18 / All) breen: i doubt i will see u
(53:22 / All) breen: and that ruins the game
(53:26 / All) breen: ur missing the point
(53:28 / All) MapAware: Well if you do, I promise you that
(53:31 / All) MapAware: in exchange for every replay
(53:38 / All) breen: how about this
(53:40 / All) breen: u give me
(53:44 / All) breen: 200 $
(53:47 / All) breen: if i upload
(53:49 / All) breen: every replay
(53:50 / All) MapAware: Okay
(53:53 / All) MapAware: What's your paypal?
(54:00 / All) MapAware: Do you have MSN to stay in contact?
(54:04 / All) FionaAppleRules: I'll await your failure to upload
(54:04 / All) breen: rofl
(54:07 / All) FionaAppleRules: no suchh replays exist
(54:14 / All) MapAware: He might have autosave enabled
(54:24 / Allies) FionaAppleRules: he didn't run into 5 bsers in 6 games
(54:27 / All) breen: oh?
(54:32 / All) breen: really green
(54:38 / All) MapAware: I'll paypal you the money if we stay in contact
(54:41 / All) breen: u sure about that?
(54:43 / All) MapAware: I won the lottery twice
(54:45 / All) MapAware: I can afford it
(54:55 / All) breen: im reading my flashcards
(55:03 / All) breen: will upload as soon as i stop playing 2 avoid lag
(55:09 / All) MapAware: Alright
(55:16 / All) MapAware: Then you get $200 and free wins whenever I see you
(55:24 / All) MapAware: You're coming out far ahead in this deal
(55:26 / All) breen: damn idiots
(55:28 / All) MapAware: a tough barterer
(56:04 / All) FionaAppleRules: he desperately tried to stop me from killing that last tower